 Dungeon Crawl Stone Soup version 0.27-a0-732-ga892ba84f6 (webtiles) character file.

Game seed: 2740233673723345460

385 rageheart7 the Slasher (level 6, 0/52 HPs)
             Began as a Barachi Fighter on Mar 23, 2021.
             Slain by an orc
             ... wielding a +0 dagger
              (1 damage)
             ... on level 3 of the Dungeon.
             The game lasted 00:05:02 (3109 turns).

rageheart7 the Slasher (Barachi Fighter)            Turns: 3109, Time: 00:05:03

Health: 0/52       AC:  6    Str: 18 (19) XL:     6   Next: 77%
Magic:  6/6        EV:  7    Int:  5 (8)  God:
Gold:   140        SH:  8    Dex:  9 (12) Spells: 5/5 levels left

rFire    . . .     SeeInvis .   a - +0 long sword
rCold    . . .     Faith    .   c - +0 kite shield
rNeg     . . .     Spirit   .   b - +0 scale mail
rPois    .         Reflect  .   (no helmet)
rElec    .         Harm     .   (no cloak)
rCorr    .         Rampage  .   (no gloves)
Will     .....                  (no boots)
Stlth    ..........             (no amulet)
HPRegen  0.17/turn              (no ring)
MPRegen  0.10/turn              (no ring)

@: slow
A: +LOS, amphibious, slowness 1, strong legs 1
a: Hop


You were on level 3 of the Dungeon.
You visited 1 branch of the dungeon, and saw 3 of its levels.

You collected 140 gold pieces.

Inventory:

Hand Weapons
 a - a +0 long sword (weapon)
Armour
 b - a +0 scale mail (worn)
 c - a +0 kite shield (worn)
 f - a +0 helmet
Scrolls
 e - 3 scrolls of identify {unknown}
 g - a scroll of fog {unknown}
 h - a scroll of immolation
 i - a scroll of noise {unknown}
 k - a scroll of amnesia {unknown}


   Skills:
 * Level 5.8 Fighting
 * Level 7.0 Long Blades
 - Level 3.6 Armour
 - Level 3.2 Shields


You had 5 spell levels left.
You didn't know any spells.
Your spell library contained the following spells:

 Spells                   Type           Power      Damage    Failure   Level
 Animate Skeleton         Necr           0%         N/A       100%        1
 Apportation              Tloc           0%         N/A       100%        1
 Corona                   Hex            0%         N/A       100%        1
 Summon Small Mammal      Summ           0%         N/A       100%        1
 Confusing Touch          Hex            0%         N/A       100%        3
 Gell's Gravitas          Tloc           0%         N/A       100%        3
 Petrify                  Tmut/Erth      0%         N/A       100%        4
 Metabolic Englaciation   Hex/Ice        0%         N/A       100%        5
 Yara's Violent Unravell  Hex/Tmut       0%         3d3       100%        5


Dungeon Overview and Level Annotations

Branches:
Dungeon (3/15)

Altars:
Elyvilon
Gozag

Shops:
D:1 (


Innate Abilities, Weirdness & Mutations

You can be seen from farther away. (+LOS)
You are amphibious.
You cover ground slowly.
You can hop short distances.


Message History

* * * LOW HITPOINT WARNING * * *
The orc completely misses you.
You hit the orc priest.
You kill the orc priest!
You block the orc's attack. x2
Your Long Blades skill increases to level 7!
It was a potion of degeneration.
There was something very wrong with that liquid.
You feel weakened.
You feel dopey.
You feel clumsy. The hound completely misses you.
The orc hits you with a +0 dagger.
* * * LOW HITPOINT WARNING * * *
You block the hound's attack. You block the orc's attack.
Unknown command.
You closely miss the orc. The hound bites you but does no damage.
A hobgoblin comes into view.
You block the hound's attack.
You hit the orc.
The orc is heavily wounded.
The hound bites you but does no damage. The orc hits you with a +0 dagger.
* * * LOW HITPOINT WARNING * * *
You block the hound's attack.
You barely miss the orc.
The orc is heavily wounded.
The orc hits you with a +0 dagger.
* * * LOW HITPOINT WARNING * * *
The orc hits you with a +0 dagger.
* * * LOW HITPOINT WARNING * * *
You block the hound's attack. The orc hits you with a +0 dagger.
* * * LOW HITPOINT WARNING * * *
Unknown command.
As you read the scroll labelled TOFEAPT ZEYWK, it crumbles to dust.
The creatures around you are filled with an inner flame!
It was a scroll of immolation.
The hound bites you but does no damage. You block the orc's attack.
The hound bites you.
* * * LOW HITPOINT WARNING * * *
You block the orc's attack.
You barely miss the orc.
The orc is heavily wounded.
You block the hound's attack. The orc hits you with a +0 dagger.
You die...

############
##...).......
............>
##.#.#######
...#.#############
..##.............#
..##############.#
...... .......o@#
....... #######ho#
....... #go.
....... .....
....... ##.....
...[... ..####.
....... .# #.
....## .. .# ....
.. #


You could see a hound (inner flame), 3 orcs and a hobgoblin (inner flame).

Vanquished Creatures
  Grinder (D:3)
  An orc priest (D:3)
  A hound (D:2)
  7 adders
  4 worms
  A dart slug (D:2)
  An orc (D:3)
  7 bats
  2 giant cockroaches (D:2)
  7 goblins
  5 hobgoblins
  6 kobolds
  3 oozes
  4 quokkas
  5 ball pythons
  5 rats
60 creatures vanquished.

Notes
Turn   | Place    | Note
-------+----------+-------------------------------------------
     0 | D:1      | rageheart7 the Barachi Fighter began the quest for the Orb.
     0 | D:1      | Reached XP level 1. HP: 18/18 MP: 1/1
    68 | D:1      | Found Wasog's Antique Weapon Shoppe.
   523 | D:1      | Reached XP level 2. HP: 25/25 MP: 2/2
  1142 | D:2      | Reached skill level 3 in Long Blades
  1142 | D:2      | Reached XP level 3. HP: 25/31 MP: 3/3
  1297 | D:2      | Reached skill level 4 in Long Blades
  1297 | D:2      | Reached XP level 4. HP: 12/38 MP: 4/4
  1956 | D:2      | Found an opulent altar of Gozag.
  2079 | D:2      | Reached skill level 5 in Fighting
  2398 | D:3      | Reached XP level 5. HP: 38/44 MP: 5/5
  2459 | D:3      | Noticed Grinder
  2464 | D:3      | Paralysed by Grinder for 3 turns
  2473 | D:3      | Paralysed by Grinder for 3 turns
  2477 | D:3      | Killed Grinder
  2478 | D:3      | Reached skill level 6 in Long Blades
  2478 | D:3      | Reached XP level 6. HP: 15/52 MP: 6/6
  3008 | D:3      | Found a white marble altar of Elyvilon.
  3104 | D:3      | Reached skill level 7 in Long Blades
  3108 | D:3      | HP: 1/52 [hound (3)]
  3109 | D:3      | Slain by an orc

Illustrated notes

Levels and vault maps discovered:
D:1:      dpeg_arrival_snail, layout_basic, serial_shops,
          nicolae_shop_overgrown_old_shop
D:2:      layout_basic, lemuel_coloured_pillars_altar, minmay_pentomino_u4
D:3:      layout_basic, nicolae_elyvilon_peaceful_grove, serial_glass,
          glass_columns_a, glass_columns_b, minmay_close_crescents, uniq_grinder

Skill      XL: |  1  2  3  4  5  6 |
---------------+-------------------+-----
Fighting       | 4 5 |  5.8
Long Blades    | 3 4 6 7 |  7.0
Armour         | |  3.6
Shields        | |  3.2

Action                   |  1- 3 |  4- 6 || total
-------------------------+-------+-------++-------
Melee: Long sword        |    67 |   131 ||   198
  Use: Potion            |       |     2 ||     2
       Scroll            |       |     1 ||     1
Armor: Scale mail        |    36 |    66 ||   102
Dodge: Dodged            |    18 |    38 ||    56
Block: Kite shield       |    37 |    74 ||   111
       Rpst.: Long sword |     2 |    13 ||    15

Table legend: (Time is in decaauts)
 A = Elapsed time spent in this place.
 B = Non-inter-level travel time spent in this place.
 C = Inter-level travel time spent in this place.
 D = Time resting spent in this place.
 E = Time spent auto-exploring this place.
 F = Levels seen in this place.
 G = Mean time per level.
                   A        B        C        D        E       F      G
               +--------+--------+--------+--------+--------+-----+--------+
         Total |   3545 |   3460 |     85 |    600 |   2370 |   3 | 1181.7 |
       Dungeon |   3545 |   3460 |     85 |    600 |   2370 |   3 | 1181.7 |
               +--------+--------+--------+--------+--------+-----+--------+

Top non-repeatable levels by time:
     D:1: 1323 daAuts
     D:2: 1321 daAuts
     D:3: 900 daAuts
